AoeStats
← AlphaPrey

Arabia

508912908Analyzed
1v1 RM · 8d ago on Sep 24, 2026· 28m 2s· 2 players
Game mode
Random Map
Map size
Tiny (2 player)
Population
200
Speed
Normal
Resources
Standard
Victory
Conquest
Starting age
Dark Age
Ending age
Imperial Age
RankedLock teamsTeams togetherTeam positionsShared explorationLock speedFull tech treeHidden civsTurbo modeCheats
Victory
Defeat
🇹🇷 Franks · Türkiye
684
+15
🇳🇱 Cumans · Netherlands
655
-15
AlphaPrey
8:08 Loom
10:53 Feudal Age
13:12 Double-Bit Axe
23:43 Horse Collar
26:22 Castle Age
Civil Engineer
0:33 Loom
11:49 Feudal Age
13:11 Wheelbarrow
12:43 Gold Mining
12:41 Double-Bit Axe
18:44 Stone Mining
19:35 Scale Barding Armor
24:25 Castle Age
22:57 Fletching
23:08 Scale Mail Armor
23:10 Padded Archer Armor
25:34 Hand Cart
Connection lost

Rejoining the realm…

Still unreachable

The connection could not be restored.

Session expired

The server has moved on; the page needs a fresh start.